 Dungeon Crawl Stone Soup version 0.30-b1-2-g02819fbbbe (webtiles) character file.

Game seed: 8240384159944422628

9 Alarkh the Vexing (level 2, 21/21 HPs)
             Began as a Demonspawn Hexslinger on July 9, 2023.
             Got out of the dungeon alive.
             The game lasted 00:00:43 (284 turns).

Alarkh the Vexing (Demonspawn Hexslinger)            Turns: 284, Time: 00:00:43

Health: 21/21      AC:  2    Str: 10    XL:     2   Next: 6%
Magic:  3/3        EV: 12    Int: 14    God:
Gold:   10         SH:  0    Dex: 13    Spells: 2/3 levels left

rFire   . . .        a - +1 sling
rCold   . . .        (no shield)
rNeg    . . .        c - +0 robe
rPois   .            (no helmet)
rElec   .            (no cloak)
rCorr   .            (no gloves)
SInv    .            (no boots)
Will    .....        (no amulet)
Stlth   +            (no ring)
HPRegen 0.23/turn    (no ring)
MPRegen 0.16/turn

%: no passive effects
@: no status effects
A: magic regeneration
a: no special abilities


You escaped.
You visited 1 branch of the dungeon, and saw 1 of its levels.

You collected 10 gold pieces.

Inventory:

Hand Weapons
 a - a +1 sling (weapon)
Armour
 c - a +0 robe (worn)
Scrolls
 b - 2 scrolls of poison
 f - 3 scrolls of amnesia {unknown}
Potions
 d - a potion of curing {unknown}
 e - a potion of invisibility {unknown}
 g - a potion of resistance {unknown}
 h - a potion of heal wounds {unknown}


   Skills:
 + Level 1.4 Fighting
 * Level 2.3 Ranged Weapons
 - Level 1.7 Dodging
 - Level 1.0 Spellcasting
 - Level 3.0 Hexes


You had 2 spell levels left.
You knew the following spells:

 Your Spells              Type           Power      Damage    Failure   Level
a - Slow                  Hex            36%        N/A       8%          1

Your spell library contained the following spells:

 Spells                   Type           Power      Damage    Failure   Level
 Ensorcelled Hibernation  Hex/Ice        8%         N/A       22%         2
 Passwall                 Tmut/Erth      0%         N/A       36%         2
 Inner Flame              Hex/Fire       4%         N/A       38%         3
 Portal Projectile        Hex/Tloc       8%         N/A       38%         3
 Cause Fear               Hex            4%         N/A       58%         4
 Swiftness                Air            0%         N/A       61%         3


Dungeon Overview and Level Annotations

Branches:
Dungeon (1/15)

Altars:


Innate Abilities, Weirdness & Mutations

You regenerate magic rapidly.


Message History

You shoot a sling bullet. The sling bullet hits the hobgoblin!
You kill the hobgoblin!
You have reached level 2!
Your demonic ancestry asserts itself...
Your magic begins to regenerate rapidly.
Unknown command.
A bat comes into view.
You can't go up here!
A bat is nearby!
Unknown command.
Unknown command.
Unknown command.
Unknown command.
You shoot a sling bullet.
The sling bullet hits the bat but does no damage.
You shoot a sling bullet.
The sling bullet closely misses the bat.
The bat misses you.
You shoot a sling bullet.
The sling bullet closely misses the bat.
The bat barely misses you. The bat hits you but does no damage.
You shoot a sling bullet. The sling bullet misses the bat.
The bat misses you.
You shoot a sling bullet. The sling bullet hits the bat.
You kill the bat!
No target in view!
Unknown command.
Found a smoky puce potion.
As you open the door, it creaks loudly!
You can't go up here!
Unknown command.
Unknown command.
Unknown command.
Found 6 poisoned darts.
Unknown command.
h - a smoky puce potion Unknown command.
There is an open door here.
There is a staircase leading out of the dungeon here.
Are you sure you want to leave the Dungeon?
This will make you lose the game!
You have escaped!

#.#.# #..#....#...........
##.#.###..##........†..#...#
.......................# .#
..........##.#.......#.....
.......(.....#.....#.###.###
..........######'###.......#
..........# #.# #..##.#.#
.....###### ###.###..##.#
..)..## #..@..#(.##.#
).....##########.#######.#
#####.#..+.............+.# #
#.#.#####.#####.####.#
#####.#....##.#####.##...####
...........'.........'......#
.........#######.##########.#
.........##...........# #.#
.........#######.##########.#


There were no monsters in sight!

Vanquished Creatures
  2 hobgoblins (D:1)
  A kobold (D:1)
  2 quokkas (D:1)
  A ball python (D:1)
  3 bats (D:1)
9 creatures vanquished.

Notes
Turn   | Place    | Note
-------+----------+-------------------------------------------
     0 | D:1      | Alarkh the Demonspawn Hexslinger began the quest for the
                  | Orb.
     0 | D:1      | Reached XP level 1. HP: 15/15 MP: 2/2
   230 | D:1      | Gained mutation: You regenerate magic rapidly. [demonic
                  | ancestry]
   230 | D:1      | Reached XP level 2. HP: 21/21 MP: 3/3
   284 | D:$      | Got out of the dungeon alive.

Illustrated notes

Levels and vault maps discovered:
D:1:      shiori_shiawase, layout_basic

Skill      XL: |  1 |
---------------+----+-----
Ranged Weapons | 2 |  2.3
Fighting       | |  1.4
Dodging        | |  1.7
Spellcasting   | |  1.0
Hexes          | |  3.0

Action                     || total
---------------------------++-------
   Fire: Sling             ||    41
 Armour: Robe              ||     8
  Dodge: Dodged            ||    22
